 Dungeon Crawl Stone Soup version 0.20.1 (webtiles) character file.

4122 wilfster70 the Geomancer (level 10, -5/50 HPs)
             Began as a Gargoyle Earth Elementalist on June 29, 2017.
             Was a Believer of Vehumet.
             Slain by an iguana (8 damage)
             ... on level 8 of the Dungeon on July 2, 2017.
             The game lasted 01:06:42 (9180 turns).

wilfster70 the Geomancer (GrEE)                     Turns: 9180, Time: 01:06:44

Health: -5/50      AC: 17    Str: 17    XL:     10   Next: 27%
Magic:  1/22       EV: 12    Int: 19    God:    Vehumet [**....]
Gold:   428        SH:  0    Dex:  8    Spells: 14/25 levels left

rFire    + . .     SeeInvis .   t - +2 flail (crush)
rCold    x . .     Gourm    .   (no shield)
rNeg     + + +     Faith    .   l - +1 steam dragon scales of the Were-rabbit {*Slow rN+++ Str+5 Dex-2}
rPois    ∞         Spirit   .   m - +1 helmet
rElec    +         Reflect  .   C - +0 cloak
rCorr    .         Harm     .   (no gloves)
MR       .....                  G - +0 pair of boots
Stlth    +.........             r - amulet of regeneration
Regen    0.6/turn               x - ring of fire
MPRegen  0.2/turn               (no ring)

@: confused, very slightly contaminated
A: negative energy resistance 1, electricity resistance, unbreathing,
petrification resistance, rot immunity, AC +7
a: Renounce Religion


You were on level 8 of the Dungeon.
You worshipped Vehumet.
Vehumet was pleased with you.
You were hungry.

You visited 2 branches of the dungeon, and saw 9 of its levels.
You also visited: Ossuary.

You collected 428 gold pieces.

Inventory:

Hand Weapons
 t - a +2 flail of crushing (weapon)
Missiles
 b - 82 stones (quivered)
Armour
 c - a +0 robe
 l - the +1 steam dragon scales of the Were-rabbit (worn) {*Slow rN+++ Str+5 Dex-2}
   (You found it on level 5 of the Dungeon)

   It affects your strength (+5).
   It affects your dexterity (-2).
   It renders you almost immune to negative energy.
   It may slow you when you take damage.
 m - a +1 helmet (worn)
 w - a +0 buckler
 y - the +0 cloak of the Tarantula {+Fly rCorr Str-4 Slay-4}
   (You found it on level 4 of the Dungeon)

   It affects your strength (-4).
   It affects your accuracy and damage with ranged weapons and melee attacks
   (-4).
   It lets you fly.
   It protects you from acid and corrosion.
 C - a +0 cloak (worn)
 G - a +0 pair of boots (worn)
Jewellery
 r - an amulet of regeneration (around neck)
 x - a ring of fire (left hand)
Wands
 h - a wand of confusion (31/48)
 j - a wand of digging (13/24)
 p - a wand of disintegration (14/24)
 u - a wand of confusion (8/48)
 F - a wand of flame (17/48)
Scrolls
 q - 5 scrolls of blinking
 B - 2 scrolls of identify
 D - a scroll of remove curse
Potions
 a - 2 potions of lignification {unknown}
 g - 2 potions of agility {unknown}
 i - 2 potions of flight
 k - 2 potions of curing {unknown}
 n - 2 potions of haste
 o - 2 potions of heal wounds {unknown}
 s - a potion of might {unknown}
 v - a potion of berserk rage {unknown}
 A - 2 potions of degeneration {unknown}
 H - a potion of brilliance {unknown}
Books
 e - a book of Geomancy

   Spells                             Type                      Level
   a - Sandblast                      Earth                        1
   b - Passwall                       Transmutation/Earth          2
   c - Stone Arrow                    Conjuration/Earth            3
   d - Petrify                        Transmutation/Earth          4
   e - Lee's Rapid Deconstruction     Earth                        5
Comestibles
 d - 7 bread rations
 f - 2 royal jellies
 z - 2 meat rations
 E - 4 fruits


   Skills:
 - Level 1.5 Dodging
 - Level 2.1 Stealth
 + Level 8.1 Spellcasting
 + Level 8.8 Conjurations
   Level 0.7 Transmutations
 + Level 0.0 Fire Magic
 + Level 10.8 Earth Magic


You had 14 spell levels left.
You knew the following spells:

 Your Spells              Type           Power        Failure   Level  Hunger
a - Sandblast             Erth           #####.       1%          1    None
b - Stone Arrow           Conj/Erth      #####.       1%          3    None
c - Lee's Rapid Deconstr  Erth           #####.....   3%          5    #####..
d - Throw Flame           Conj/Fire      #####.       2%          2    None


Dungeon Overview and Level Annotations

Branches:
Dungeon (8/15)             Temple (1/1) D:4
   Lair: D:8-11

Altars:
Ashenzari
Cheibriados
Dithmenos
Elyvilon
Hepliaklqana
Kikubaaqudgha
Makhleb
Nemelex Xobeh
Okawaru
Qazlal
Ru
Uskayaw
Vehumet
Xom
Zin
The Shining One


Innate Abilities, Weirdness & Mutations

You are resistant to torment.
Your stone body is resilient. (AC +7)
You are immune to poison.
You resist negative energy. (rN+)
You are resistant to electric shocks. (rElec)
You can survive without breathing.
You are immune to petrification.
You are immune to rotting.


Message History

b - 82 stones The orc warrior hits you but does no damage.
The orc warrior hits you but does no damage.
There is a stone staircase leading up, spattered with blood here.
You see here an orc corpse.
You are confused.
The orc warrior hits you but does no damage.
The iguana bites you but does no damage.
In your confused state, you trip and fall back down the stairs.
A puff of flame appears from out of thin air!
The puff of flame hits you! The iguana barely misses you.
The orc warrior hits you but does no damage.
The iguana bites you!
* * * LOW HITPOINT WARNING * * *
The orc warrior hits you with a trident!
* * * LOW HITPOINT WARNING * * *
In your confused state, you trip and fall back down the stairs.
* * * LOW HITPOINT WARNING * * *
The iguana bites you!
You die...

# #. #.###
#...#
#.#.#o######
#..).l@....#
#..##.####.#
#.# #.# #.#
#.# ... .).
.[.


You could see an orc warrior and an iguana.

Vanquished Creatures
  A two-headed ogre (D:6)
  Joseph (D:7)
  A hippogriff (D:7)
  Menkaure (D:7)
  Duvessa (D:4)
  A water moccasin (D:6)
  A phantom (D:4)
  3 ogres
  2 centaurs
  3 bullfrogs
  A wyvern zombie (D:6)
  Dowan (D:4)
  A water moccasin skeleton (D:5)
  3 scorpions
  6 killer bees (D:7)
  6 wights
  A howler monkey (D:7)
  A crimson imp (D:5)
  3 jellies
  5 orc priests
  2 hounds
  3 orc wizards
  A centaur skeleton (D:6)
  2 centaur zombies
  Crazy Yiuf (D:4)
  2 bullfrog skeletons (D:4)
  3 iguanas
  4 worker ants
  A hound skeleton (D:7)
  9 gnolls
  10 adders
  2 shadow imps
  An adder zombie (D:6)
  3 adder skeletons
  5 worms
  A leopard gecko (D:4)
  25 orcs
  A ball python (D:1)
  6 bats
  2 giant cockroaches
  8 goblins
  8 hobgoblins
  4 jackals
  3 quokkas
  5 frilled lizards
  2 jackal skeletons
  11 kobolds
  2 leopard gecko zombies
  A quokka skeleton (D:4)
  9 rats
180 creatures vanquished.

Notes
Turn   | Place    | Note
-------+----------+-------------------------------------------
     0 | D:1      | wilfster70 the Gargoyle Earth Elementalist began the quest for the Orb.
     0 | D:1      | Reached XP level 1. HP: 10/10 MP: 3/3
   135 | D:1      | Reached skill level 4 in Earth Magic
   138 | D:1      | Reached XP level 2. HP: 15/15 MP: 1/5
   779 | D:2      | Reached XP level 3. HP: 19/19 MP: 3/6
   784 | D:2      | Learned a level 3 spell: Stone Arrow
  1036 | D:2      | Found a glowing silver altar of Zin.
  1040 | D:2      | Noticed an angel
  1042 | D:2      | Found a shimmering altar of Xom.
  2184 | D:3      | Reached XP level 4. HP: 24/24 MP: 0/8
  2924 | D:3      | Reached skill level 5 in Earth Magic
  3029 | D:3      | Reached skill level 1 in Conjurations
  3208 | D:4      | Reached XP level 5. HP: 21/28 MP: 1/10
  3432 | D:4      | Reached XP level 6. HP: 20/32 MP: 1/11
  4220 | D:4      | Got a heavily runed cloak
  4313 | D:4      | Noticed Duvessa
  4369 | D:4      | Noticed Dowan
  4436 | D:3      | Reached skill level 6 in Earth Magic
  4753 | D:4      | Reached XP level 7. HP: 29/36 MP: 5/13
  4946 | D:4      | Reached skill level 7 in Earth Magic
  5088 | D:4      | Killed Duvessa
  5088 | D:4      | Reached skill level 5 in Spellcasting
  5088 | D:4      | Reached XP level 8. HP: 41/41 MP: 9/15
  5096 | D:4      | Killed Dowan
  5103 | D:4      | Learned a level 5 spell: Lee's Rapid Deconstruction
  5280 | D:4      | Reached skill level 5 in Conjurations
  5532 | D:4      | Found a staircase to the Ecumenical Temple.
  5578 | Temple   | Entered the Ecumenical Temple
  5618 | Temple   | Became a worshipper of Vehumet
  5726 | D:4      | Identified the +0 cloak of the Tarantula {+Fly rCorr Str-4 Slay-4} (You found it on level 4 of the Dungeon)
  5777 | D:4      | Found a runed door.
  5781 | D:4      | Noticed Crazy Yiuf
  5783 | D:4      | Killed Crazy Yiuf
  5959 | D:5      | Entered Level 5 of the Dungeon
  6185 | D:5      | Got dazzling steam dragon scales
  6198 | D:5      | Identified the +1 steam dragon scales of the Were-rabbit {*Slow rN+++ Str+5 Dex-2} (You found it on level 5 of the Dungeon)
  6415 | D:5      | Reached skill level 8 in Earth Magic
  6535 | D:5      | Found a sand-covered staircase.
  6541 | Ossuary  | Entered an ossuary
  7357 | D:6      | Noticed a two-headed ogre
  7364 | D:6      | Killed a two-headed ogre
  7364 | D:6      | Reached skill level 9 in Earth Magic
  7364 | D:6      | Reached XP level 9. HP: 30/45 MP: 4/19
  7376 | D:6      | Found a shadowy altar of Dithmenos.
  7376 | D:6      | Found a hazy altar of Hepliaklqana.
  7411 | D:6      | Reached * piety under Vehumet
  7411 | D:6      | Offered knowledge of Sting by Vehumet.
  8015 | D:7      | Reached skill level 10 in Earth Magic
  8274 | D:7      | Upgraded the game from 0.20.0-15-g7f486f2 to 0.20.1
  8297 | D:7      | Found a stormy altar of Qazlal.
  8330 | D:7      | Reached XP level 10. HP: 42/50 MP: 11/21
  8439 | D:7      | Noticed Menkaure
  8453 | D:7      | Killed Menkaure
  8493 | D:7      | Noticed Joseph
  8501 | D:7      | Killed Joseph
  8864 | D:7      | Offered knowledge of Throw Flame by Vehumet.
  8868 | D:7      | Learned a level 2 spell: Throw Flame
  8942 | D:7      | Reached ** piety under Vehumet
  9180 | D:8      | HP: 2/50 [fell downstairs (1)]
  9180 | D:8      | Slain by an iguana

Skill      XL: |  1  2  3  4  5  6  7  8  9 10 |
---------------+-------------------------------+-----
Earth Magic    | 4 5 6 7 9 10 | 10.8
Spellcasting   | 3 4 5 6 7 8 |  8.1
Conjurations   | 1 2 3 4 7 8 |  8.8
Dodging        | |  1.5
Stealth        | |  2.1
Transmutations | |  0.7

Action                   |  1- 3 |  4- 6 |  7- 9 | 10-12 || total
-------------------------+-------+-------+-------+-------++-------
Melee: Unarmed           |    10 |       |       |       ||    10
       Short sword       |     6 |       |       |       ||     6
       Whip              |    24 |     3 |       |       ||    27
       Flail             |       |     8 |    49 |     2 ||    59
 Cast: Sandblast         |    31 |    60 |    77 |     2 ||   170
       Stone Arrow       |    14 |    31 |    58 |    24 ||   127
       Lee's Rapid Decon |       |       |       |     4 ||     4
  Use: Scroll            |     2 |     9 |     5 |       ||    16
 Stab: Sleeping          |     2 |       |       |       ||     2
  Eat: Chunk             |     5 |    12 |    10 |     3 ||    30
       Royal jelly       |       |       |     1 |       ||     1
Armor: Robe              |    24 |    19 |    18 |       ||    61
       Steam dragon scal |       |       |    58 |    13 ||    71
Dodge: Dodged            |    58 |    31 |    94 |    10 ||   193
